 Dungeon Crawl Stone Soup version 0.26-a0-708-g17f3b190f9 (webtiles) character file.

Game seed: 16979175372275377398

14 jasper the Sneak (level 2, -1/19 HPs)
             Began as a Kobold Delver on Oct 29, 2020.
             Slain by an adder (5 damage)
             ... on level 2 of the Dungeon.
             The game lasted 00:01:27 (714 turns).

jasper the Sneak (Kobold Delver)                     Turns: 714, Time: 00:01:28

Health: -1/19      AC:  3    Str:  9    XL:     2   Next: 55%
Magic:  2/2        EV: 15    Int: 11    God:
Gold:   11         SH:  0    Dex: 16    Spells: 1/1 levels left

rFire    . . .     SeeInvis .     - Unarmed
rCold    . . .     Faith    .   (shield restricted)
rNeg     . . .     Spirit   .   a - +0 leather armour
rPois    .         Reflect  .   (no helmet)
rElec    .         Harm     .   (no cloak)
rCorr    .         Rampage  .   (no gloves)
MR       .....                  (no boots)
Stlth    ++++......             (no amulet)
HPRegen  0.06/turn              (no ring)
MPRegen  0.08/turn              (no ring)

@: lethally poisoned (-1 -> -7)
A: small, nightstalker 3
a: no special abilities


You were on level 2 of the Dungeon.
You visited 1 branch of the dungeon, and saw 4 of its levels.

You collected 11 gold pieces.

Inventory:

Missiles
 h - 18 stones (quivered)
Armour
 a - a +0 leather armour (worn)
Wands
 f - a wand of digging (3)
Scrolls
 b - a scroll of fog
 c - a scroll of magic mapping


   Skills:
 + Level 3.4 Fighting
 + Level 0.4 Armour
 + Level 2.6 Dodging
 - Level 6.6 Stealth
 * Level 2.3 Unarmed Combat
 + Level 0.6 Evocations


You had one spell level left.
You didn't know any spells.
Your spell library was empty.

Dungeon Overview and Level Annotations

Branches:
Dungeon (5/15)
 Temple: D:4-7

Altars:

Portals:
Sewer: D:4


Innate Abilities, Weirdness & Mutations

You are small and have problems with some larger weapons.
You are completely attuned to the shadows.


Message History

The adder is heavily wounded.
You feel sick. The adder misses you.
You take 1 damage, and have 6/19 hp.
You miss the adder.
The adder is heavily wounded.
* * * LOW HITPOINT WARNING * * *
You feel sick. The adder closely misses you.
You take 1 damage, and have 5/19 hp.
You hit the adder.
The adder is severely wounded.
The adder barely misses you. The adder closely misses you.
You hit the adder.
The adder is almost dead.
* * * LOW HITPOINT WARNING * * *
You feel sick. The adder barely misses you.
You take 1 damage, and have 4/19 hp.
You barely miss the adder.
The adder is almost dead.
The adder bites you.
You die...

#.......
#.######
#.# #.#
#.# #.#
##.##
#..b#####
#..S@...#
#...###.#
#####


You could see an adder.

Vanquished Creatures
  An adder (D:3)
  A goblin (D:3)
  A quokka (D:4)
  A frilled lizard (D:4)
  A jackal skeleton (D:4)
  A rat (D:3)
6 creatures vanquished.

Notes
Turn   | Place    | Note
-------+----------+-------------------------------------------
     0 | D:5      | jasper the Kobold Delver began the quest for the Orb.
     0 | D:5      | Reached XP level 1. HP: 14/14 MP: 1/1
    88 | D:4      | Found a glowing drain.
   141 | D:4      | Noticed a wight
   142 | D:4      | Noticed a wight
   215 | D:3      | Reached XP level 2. HP: 7/19 MP: 2/2
   714 | D:2      | Slain by an adder

Illustrated notes

Levels and vault maps discovered:
D:2:      layout_loops_ring, yredelemnul_forgotten_temple_becter,
          xom_butterflies
D:3:      layout_loops_ring, gammafunk_temple_overflow_pools,
          grunt_ministairs_14, nicolae_gozag_cash_rules_everything_around_me,
          uniq_ijyb, uniq_jessica
D:4:      layout_cave_pods, overflow_temple_1_default,
          cheibrodos_sewer_entry_bend
D:5:      layout_rooms, dancing_weapons_uskayaw, minmay_temple_entry_tees,
          serial_shops, shop

Action                   || total
-------------------------++-------
Melee: Unarmed           ||    30
Throw: Stone             ||     1
  Use: Potion            ||     2
       Scroll            ||     1
 Stab: Sleeping          ||     3
Armor: Leather armour    ||     3
Dodge: Dodged            ||    28

Table legend: (Time is in decaauts)
 A = Elapsed time spent in this place.
 B = Non-inter-level travel time spent in this place.
 C = Inter-level travel time spent in this place.
 D = Time resting spent in this place.
 E = Time spent auto-exploring this place.
 F = Levels seen in this place.
 G = Mean time per level.
                   A        B        C        D        E       F      G
               +--------+--------+--------+--------+--------+-----+--------+
         Total |    692 |    688 |      4 |    233 |    294 |   4 |  173.0 |
       Dungeon |    692 |    688 |      4 |    233 |    294 |   4 |  173.0 |
               +--------+--------+--------+--------+--------+-----+--------+

Top non-repeatable levels by time:
     D:3: 277 daAuts
     D:2: 217 daAuts
     D:4: 150 daAuts
     D:5: 47 daAuts
